 Dungeon Crawl Stone Soup version 0.26-a0-466-g989023bd0d (webtiles) character file.

Game seed: 3565406715723183208

18346 drasked the Brawler (level 12, -14/119 HPs)
             Began as a Troll Monk on Aug 5, 2020.
             Killed from afar by a rime drake (28 damage)
             ... with a flash freeze
             ... on level 4 of the Lair of Beasts.
             The game lasted 00:22:38 (9432 turns).

drasked the Brawler (Troll Monk)                    Turns: 9432, Time: 00:22:39

Health: -14/119    AC: 11    Str: 22    XL:     12   Next: 26%
Magic:  11/11      EV: 11    Int:  6    God:
Gold:   489        SH:  0    Dex: 16    Spells: 11/11 levels left

rFire    . . .     SeeInvis .     - Unarmed
rCold    . . .     Faith    .   (no shield)
rNeg     . . .     Spirit   .   a - +1 robe
rPois    .         Reflect  .   (helmet restricted)
rElec    .         Harm     .   y - scarf {repulsion}
rCorr    .                      (gloves unavailable)
MR       .....                  (boots unavailable)
Stlth    ++........             (no amulet)
HPRegen  0.69/turn              z - +4 ring of protection
MPRegen  0.12/turn              v - ring of flight {+Fly, !d}

@: repel missiles
A: large, unfitting armour, claws 3, regeneration 1, shaggy fur 1, tough skin 3
a: Evoke Flight


You were on level 4 of the Lair of Beasts.
You visited 3 branches of the dungeon, and saw 15 of its levels.
You also visited: Sewer and Ossuary.

You collected 489 gold pieces.

Inventory:

Missiles
 G - a javelin (quivered)
 Q - 288 stones
Armour
 a - a +1 robe (worn)
 y - a scarf of repulsion (worn)
   (You found it on level 6 of the Dungeon)
Jewellery
 v - a ring of flight (right claw) {+Fly, !d}
   (You found it in a sewer)
 z - a +4 ring of protection (left claw)
   (You found it in an ossuary)
 C - an uncursed ring of resist corrosion
   (You found it on level 3 of the Dungeon)
Wands
 c - a wand of iceblast (34)
   (You found it on level 5 of the Dungeon)
 p - a wand of polymorph (26)
   (You found it on level 4 of the Dungeon)
 r - a wand of enslavement (4)
   (You found it on level 5 of the Dungeon)
 D - a wand of digging (13)
   (You took it off Grinder on level 4 of the Dungeon)
Scrolls
 e - a scroll of enchant armour
 f - a scroll of fog
 i - 3 scrolls of identify
 m - 4 scrolls of amnesia
 t - 4 scrolls of teleportation
 w - 7 scrolls of remove curse
 B - 3 scrolls of blinking {!r!r}
 E - 2 scrolls of silence {unknown}
 F - a scroll of magic mapping {unknown}
 H - a scroll of fear {unknown}
Potions
 b - a potion of mutation {unknown}
 d - 2 potions of might
 g - a potion of invisibility
 h - 4 potions of haste
 j - a potion of stabbing
 k - a potion of magic
 l - 3 potions of heal wounds
 n - a potion of resistance
 o - a potion of brilliance
 q - 4 potions of curing
 s - a potion of ambrosia
 u - a potion of cancellation
 x - 2 potions of lignification {!q!q}
 A - 6 potions of flight


   Skills:
 - Level 8.0 Fighting
 - Level 2.4 Dodging
 - Level 1.0 Stealth
 + Level 17.1 Unarmed Combat


You had 11 spell levels left.
You didn't know any spells.
Your spell library contained the following spells:

 Spells                   Type           Power        Failure   Level
 Apportation              Tloc           #.....       45%         1
 Freeze                   Ice            #...         45%         1
 Summon Small Mammal      Summ           #...         45%         1
 Call Imp                 Summ           #.......     58%         2
 Call Canine Familiar     Summ           #.......     83%         3
 Frozen Ramparts          Ice            #.....       83%         3
 Lesser Beckoning         Tloc           #.........   83%         3
 Ozocubu's Armour         Ice            #.......     83%         3
 Summon Guardian Golem    Hex/Summ       #.......     83%         3
 Tukima's Dance           Hex            #.......     83%         3
 Hailstorm                Conj/Ice       #.......     99%         4
 Summon Ice Beast         Ice/Summ       #.......     99%         4
 Summon Lightning Spire   Summ/Air       #.......     99%         4
 Alistair's Intoxication  Tmut/Pois      #........    100%        5
 Invisibility             Hex            #.......     100%        6


Dungeon Overview and Level Annotations

Branches:
Dungeon (9/15)             Temple (1/1) D:4            Lair (5/6) D:9
  Sewer (visited)         Ossuary (visited)
  Swamp: Lair:2-4    Shoals: Lair:2-4     Snake: Lair:2-4    Spider: Lair:2-4
  Slime: Lair:5-6       Orc: D:9-12

Altars:
Cheibriados
Dithmenos
Elyvilon
Fedhas
Gozag
Hepliaklqana
Kikubaaqudgha
Makhleb
Nemelex Xobeh
Okawaru
Qazlal
Ru
Sif Muna
Trog
Uskayaw
Vehumet
Wu Jian
Xom
Zin
The Shining One
Lugonu

Annotations:
Lair:5 Kirke


Innate Abilities, Weirdness & Mutations

You are too large for most types of armour.
You have claws for hands.
Your natural rate of healing is unusually fast.
You are covered in fur. (AC +1)
You have extremely tough skin. (AC +3)


Message History

You climb downwards.
A rime drake comes into view.
There is a stone staircase leading up here.
You mangle the rime drake!! You closely miss the rime drake.
You claw the rime drake.
You kill the rime drake!
Your Unarmed Combat skill increases to level 17!
Found an escape hatch in the floor.
A crocodile comes into view.
The crocodile moves out of view.
A dream sheep comes into view.
w - 7 scrolls of remove curse (gained 1)
A dream sheep comes into view.
The dream sheep ruffles its wool and motes of dream dust sparkle, to no effect. 2 hogs and 2 blink frogs come into view.
The hog squeals angrily.
The blink frog croaks.
The hog squeals angrily.
You hear a loud, deep croak!
A hog comes into view.
A blink frog comes into view.
A hog comes into view.
The hog moves out of view.
The dream sheep bleats!
Found a stone staircase leading up.
You hear a bleat! x2
The dream sheep shake their wool and sparkle.
You feel drowsy...
You fall asleep.
A dream sheep comes into view.
The blink frog blinks! x2
A dream sheep comes into view.
Kirke, Weaver of Myths comes into view.
The blink frog blinks!
Kirke mumbles some strange words.
Kirke flickers and vanishes!
Deactivating autopickup; reactivate with Ctrl-A.
A dream sheep comes into view.
The blink frog closely misses you.
The dream sheep bleats!
The hog bites you.
You wake up.
The blink frog blinks! x2
The hog bites you.
The dream sheep bleats!
You hear an angry squeal.
The blink frog blinks!
The dream sheep bites you but does no damage.
The hog misses you.
The dream sheep shake their wool and sparkle.
You feel drowsy...
You fall asleep.
The hog bites you!
You wake up.
The hog bites you.
Unknown command.
The blink frog blinks! x2
The blink frog blinks!
Something summons a lindwurm!
The hog closely misses you. The hog barely misses you.
The dream sheep are wreathed in dream dust.
You feel drowsy...
You fall asleep.
The hog bites you!!
You wake up.
The hog bites you! The hog bites you but does no damage.
You closely miss the dream sheep. You claw the dream sheep!
The hog bites you but does no damage.
The blink frog blinks!
The hog bites you but does no damage. The hog bites you.
The dream sheep barely misses you.
The dream sheep bites you but does no damage.
You claw the dream sheep! The hog barely misses you. x2
The hog closely misses you.
You claw the dream sheep!
You kill the dream sheep!
The hog bites you but does no damage.
The dream sheep bites you but does no damage.
The hog barely misses you. The hog bites you.
The dream sheep barely misses you.
There is a stone staircase leading up, spattered with blood here.
The hog bites you!
* * * LOW HITPOINT WARNING * * *
The hog bites you but does no damage. The dream sheep misses you.
The hog bites you!
* * * LOW HITPOINT WARNING * * *
You climb upwards.
Reactivating autopickup.
There is a stone staircase leading down here.
You mangle the dream sheep!!
You kill the dream sheep!
The hog bites you!
* * * LOW HITPOINT WARNING * * *
The hog bites you.
* * * LOW HITPOINT WARNING * * *
You claw the hog! The hog bites you.
* * * LOW HITPOINT WARNING * * *
You claw the hog! The hog bites you!
* * * LOW HITPOINT WARNING * * *
The hog closely misses you.
You mangle the hog!!
You kill the hog!
The hog bites you!
* * * LOW HITPOINT WARNING * * *
You barely miss the hog. You claw the hog. The hog bites you.
* * * LOW HITPOINT WARNING * * *
You claw the hog!
The rime drake hisses angrily.
The hog bites you.
* * * LOW HITPOINT WARNING * * *
The rime drake breathes ice at you. The flash freeze hits you!!
You die...

............#...#####.##.#
###...
#P............<......#####
#.⌠.
#....................#.#
...#
##............##......
#..............###..
#######.###.....#.# ###
##.....# #.....## ##...@#
#..h†.# #P......##
........# ........#
......... .........
##.....k.


You could see a hog and a rime drake (catching breath).

Levels and vault maps discovered:
D:1:      dpeg_arrival_orchard, layout_basic, st_stairs_6
D:2:      layout_rooms, old_standard_altar, grunt_decor_fettered,
          minmay_misc_feat_rows, nrook_campfire, doesnt_xom_only_xom
D:3:      cheibrodos_helix_gallery, layout_loops_ring, lemuel_doored_altar,
          zin_scriptorium, nicolae_overflow_crystal_walls,
          nicolae_dithmenos_through_a_glass_darkly
D:4:      layout_gridville, kennysheep_mini, minmay_temple_entry_junction_2,
          uniq_sigmund, uniq_grinder
D:5:      layout_loops_ring, okawaru_altar_gauntlet_db, enter_ossuary_2
D:6:      layout_loops_ring, kennysheep_mini_moat, gup_sewer_entry_pipe,
          kennysheep_generic_room_13, uniq_crazy_yiuf_cottage,
          uniq_blork_the_orc, uniq_menkaure
D:7:      nicolae_whirlpool, layout_loops_ring, fedhas_altar_1, slow_altar_1,
          tgw_sif, lemuel_round_altar
D:8:      layout_rooms, uniq_psyche, uniq_maggie
D:9:      layout_loops_ring, marbit_many_paths, old_standard_altar,
          due_lair_maze_entry_diamond, serial_rivers,
          chequers_serial_rivers_small_a, chequers_serial_rivers_micro_d,
          chequers_serial_rivers_large_a, chequers_serial_rivers_micro_a,
          chequers_serial_rivers_room_a, grunt_decor_clamped,
          kennysheep_another_room, uniq_erolcha
Temple:   kb_corrupted_temple
Lair:1:   layout_regular_city, minmay_lair_oklob_items, lemuel_centaur_altar,
          uniq_sonja
Lair:2:   layout_cave_pods, minmay_shoals_entry_hut, lemuel_fruit_tree,
          grunt_megastairs_5
Lair:3:   layout_chaotic_city, gammafunk_ghost_ooze,
          grunt_forest_large_clearing_hut, grunt_megastairs_3,
          serial_bayou_shore_a, serial_bayou_shore_b, lemuel_fruit_fields
Lair:4:   layout_cellular_growth, spider_nest_entry_web_field,
          serial_bayou_shore_b, serial_bayou_shore_b, grunt_megastairs_4
Lair:5:   layout_cave_shapes, slime_altar_1, uniq_kirke

Notes
Turn   | Place    | Note
-------+----------+-------------------------------------------
     0 | D:1      | drasked the Troll Monk began the quest for the Orb.
     0 | D:1      | Reached XP level 1. HP: 22/22 MP: 0/0
    37 | D:1      | Identified a +0 halberd
    43 | D:1      | HP: 1/22 [gnoll/+0 halberd (8)]
   100 | D:1      | Reached XP level 2. HP: 15/29 MP: 1/1
   232 | D:1      | Identified a +0 club
   234 | D:1      | Identified a +0 club
   238 | D:1      | Reached skill level 4 in Unarmed Combat
   268 | D:1      | Identified a cursed +0 dagger
   403 | D:1      | Identified a +0 dagger
   445 | D:1      | Identified a +0 dagger
   462 | D:1      | Reached XP level 3. HP: 35/36 MP: 2/2
   590 | D:2      | Identified a +0 club
   633 | D:2      | Found a sacrificial altar of Ru.
   703 | D:2      | Identified a +0 short sword
   728 | D:2      | Identified a +0 club
   734 | D:2      | Identified a +0 club
   739 | D:2      | Identified a +0 club
   968 | D:2      | Identified a +0 club
   968 | D:2      | Identified a cursed +0 ring mail
  1012 | D:2      | Identified a +0 dagger
  1098 | D:2      | Found a burning altar of Makhleb.
  1100 | D:2      | Found a shimmering altar of Xom.
  1100 | D:2      | Found a hide-covered altar of Uskayaw.
  1106 | D:2      | Found a burning altar of Makhleb.
  1106 | D:2      | Found a burning altar of Makhleb.
  1106 | D:2      | Found a burning altar of Makhleb.
  1360 | D:3      | Identified a +0 club
  1368 | D:3      | Reached XP level 4. HP: 44/44 MP: 3/3
  1375 | D:3      | Reached skill level 5 in Unarmed Combat
  1597 | D:3      | Found a hide-covered altar of Uskayaw.
  1652 | D:3      | Found a shadowy altar of Dithmenos.
  1681 | D:3      | Identified a +0 club
  1903 | D:3      | Found a bloodstained altar of Trog.
  2008 | D:3      | Noticed a hippogriff
  2019 | D:3      | Killed a hippogriff
  2019 | D:3      | Reached skill level 6 in Unarmed Combat
  2019 | D:3      | Reached XP level 5. HP: 36/50 MP: 4/4
  2019 | D:3      | Reached XP level 6. HP: 43/59 MP: 5/5
  2057 | D:3      | Found a glowing silver altar of Zin.
  2189 | D:3      | Identified a ring of resist corrosion (You found it on
                  | level 3 of the Dungeon)
  2251 | D:4      | Reached skill level 7 in Unarmed Combat
  2302 | D:4      | Identified a +0 scythe
  2302 | D:4      | Identified a +0 robe
  2302 | D:4      | Noticed Sigmund
  2319 | D:4      | Killed Sigmund
  2319 | D:4      | Reached skill level 8 in Unarmed Combat
  2396 | D:4      | Identified a +0 falchion
  2396 | D:4      | Identified a +0 ring mail
  2442 | D:4      | Reached XP level 7. HP: 59/66 MP: 6/6
  2594 | D:4      | Found a staircase to the Ecumenical Temple.
  2603 | Temple   | Entered the Ecumenical Temple
  2770 | D:4      | Identified a +0 club
  2770 | D:4      | Identified a +0 dagger
  2770 | D:4      | Identified a +0 robe
  2770 | D:4      | Identified a +0 hand axe
  2906 | D:4      | Noticed Grinder
  2926 | D:4      | Killed Grinder
  2926 | D:4      | Reached skill level 9 in Unarmed Combat
  2988 | D:4      | Identified a +0 whip
  2988 | D:4      | Identified a +0 dagger
  2988 | D:4      | Identified a +0 robe
  2988 | D:4      | Identified a +0 scale mail
  2988 | D:4      | Identified a cursed -2 whip
  3015 | D:4      | HP: 16/66 [something/puff of flame (10)]
  3127 | D:4      | Identified a cursed -2 dagger
  3193 | D:4      | Identified a +0 leather armour
  3193 | D:4      | Identified a +0 scale mail
  3193 | D:4      | Identified a +0 flail
  3193 | D:4      | Identified a +0 leather armour
  3230 | D:4      | Found a glowing golden altar of the Shining One.
  3527 | D:5      | Entered Level 5 of the Dungeon
  3528 | D:5      | Identified 4 scrolls of amnesia
  3529 | D:5      | Identified 3 scrolls of random uselessness
  3530 | D:5      | Identified 4 scrolls of identify
  3530 | D:5      | Identified 3 potions of heal wounds
  3531 | D:5      | Identified 2 scrolls of remove curse
  3532 | D:5      | Identified 2 scrolls of teleportation
  3570 | D:5      | Identified a scroll of fog
  3571 | D:5      | Identified a scroll of enchant armour
  3573 | D:5      | Identified 3 potions of flight
  3574 | D:5      | Identified 2 potions of haste
  3575 | D:5      | Identified 2 potions of curing
  3583 | D:5      | Reached XP level 8. HP: 66/74 MP: 7/7
  3638 | D:5      | Identified a +2 vampiric dagger
  3643 | D:5      | Identified a +0 flail
  3643 | D:5      | Identified a +0 leather armour
  3646 | D:5      | Identified a +0 quarterstaff
  3667 | D:5      | Identified a +0 dagger
  3667 | D:5      | Identified a +0 ring mail
  3673 | D:5      | Reached skill level 10 in Unarmed Combat
  3800 | D:5      | Found a sand-covered staircase.
  3805 | Ossuary  | Entered an ossuary
  4095 | Ossuary  | Reached skill level 11 in Unarmed Combat
  4165 | Ossuary  | Identified a ring of wizardry (You found it in an ossuary)
  4167 | Ossuary  | Identified a ring of strength (You found it in an ossuary)
  4169 | Ossuary  | Identified a ring of protection (You found it in an
                  | ossuary)
  4241 | D:5      | Found an iron altar of Okawaru.
  4267 | D:5      | Identified a +0 giant spiked club
  4337 | D:5      | Reached XP level 9. HP: 48/80 MP: 8/8
  4646 | D:5      | Identified a +0 flail
  4681 | D:5      | Reached skill level 12 in Unarmed Combat
  4989 | D:6      | Identified a scroll of blinking
  4989 | D:6      | Identified a +0 scimitar
  4989 | D:6      | Identified a +0 robe
  4989 | D:6      | Noticed Blork the orc
  4991 | D:6      | Identified a scroll of vulnerability
  4996 | D:6      | Noticed Menkaure
  5005 | D:6      | Killed Menkaure
  5025 | D:6      | Identified a +0 shortbow
  5139 | D:6      | Found a glowing drain.
  5148 | Sewer    | Entered a sewer
  5354 | Sewer    | Identified a ring of flight (You found it in a sewer)
  5638 | D:6      | Identified a +0 giant club
  5787 | D:6      | Found a white marble altar of Elyvilon.
  5878 | D:6      | Identified a +2 halberd of venom
  5878 | D:6      | Identified a +0 robe
  5880 | D:6      | Identified a +0 short sword
  5880 | D:6      | Identified a +0 robe
  5881 | D:6      | Identified a cursed +3 halberd
  5881 | D:6      | Identified a +1 robe of cold resistance
  5914 | D:6      | Reached skill level 13 in Unarmed Combat
  5969 | D:6      | Identified a +0 mace
  5969 | D:6      | Identified a +0 leather armour
  5972 | D:6      | Identified a +0 dagger of freezing
  5972 | D:6      | Identified a +0 robe
  5976 | D:6      | Identified a +0 whip
  5977 | D:6      | Identified a cursed -1 mace
  5977 | D:6      | Identified a +0 ring mail
  5979 | D:6      | Identified a +0 antimagic hand axe
  5979 | D:6      | Identified a +3 leather armour
  6217 | D:6      | Found a runed translucent door.
  6218 | D:6      | Identified a +4 quarterstaff of chaos
  6218 | D:6      | Identified a cursed +0 cloak
  6218 | D:6      | Noticed Crazy Yiuf
  6224 | D:6      | Killed Crazy Yiuf
  6326 | D:6      | Killed Blork the orc
  6545 | D:6      | Identified a scarf of repulsion (You found it on level 6 of
                  | the Dungeon)
  6550 | D:6      | Identified a potion of brilliance
  6551 | D:6      | Identified a potion of magic
  6552 | D:6      | Identified a potion of resistance
  6553 | D:6      | Identified a potion of degeneration
  6554 | D:6      | Identified a potion of cancellation
  6555 | D:6      | Identified a potion of lignification
  6556 | D:6      | Identified a potion of invisibility
  6557 | D:6      | Identified a potion of ambrosia
  6558 | D:6      | Identified a potion of might
  6559 | D:6      | Identified a potion of stabbing
  6581 | D:7      | Identified a +0 dagger
  6581 | D:7      | Identified a +0 robe
  6581 | D:7      | Noticed Jessica
  6584 | D:7      | Killed Jessica
  6590 | D:7      | Found a shimmering blue altar of Sif Muna.
  6658 | D:7      | Identified a +0 dagger
  6658 | D:7      | Identified a +0 chain mail
  6659 | D:7      | Identified a +0 halberd
  6659 | D:7      | Identified a +0 chain mail
  6659 | D:7      | Identified a +0 dagger
  6754 | D:7      | Identified a +0 shortbow
  6762 | D:7      | Identified a +0 dagger
  6762 | D:7      | Identified a +0 leather armour
  6770 | D:7      | Identified a +0 flail
  6775 | D:7      | Identified a +0 hand axe
  6775 | D:7      | Identified a +0 ring mail
  6832 | D:7      | Identified a +0 falchion
  6832 | D:7      | Identified a +0 chain mail
  7002 | D:7      | Found a snail-covered altar of Cheibriados.
  7024 | D:7      | Found a blossoming altar of Fedhas.
  7093 | D:7      | Reached skill level 14 in Unarmed Combat
  7095 | D:7      | Reached XP level 10. HP: 67/88 MP: 9/9
  7401 | D:7      | Found an ornate altar of the Wu Jian Council.
  7569 | D:8      | Identified a +4 dagger of chaos
  7569 | D:8      | Identified a +0 robe
  7569 | D:8      | Noticed Psyche
  7575 | D:8      | Killed Psyche
  7683 | D:8      | Identified a +0 giant club
  7684 | D:8      | Identified a +0 flail
  7684 | D:8      | Identified a +0 ring mail
  7685 | D:8      | Identified a +0 giant club
  7685 | D:8      | Identified a +0 giant club
  7685 | D:8      | Noticed a two-headed ogre
  7701 | D:8      | Killed a two-headed ogre
  7701 | D:8      | Reached skill level 15 in Unarmed Combat
  7849 | D:8      | Identified a +0 giant club
  8068 | D:8      | Identified a +0 halberd
  8068 | D:8      | Identified cursed +0 acid dragon scales
  8068 | D:8      | Noticed Maggie
  8075 | D:8      | Killed Maggie
  8157 | D:8      | Identified a potion of experience
  8158 | D:8      | Reached skill level 8 in Fighting
  8158 | D:8      | Reached XP level 11. HP: 111/111 MP: 10/10
  8257 | D:9      | Found a staircase to the Lair.
  8260 | D:9      | Noticed a white ugly thing
  8271 | D:9      | Killed a white ugly thing
  8355 | Lair:1   | Entered Level 1 of the Lair of Beasts
  8492 | Lair:2   | HP: 15/111 [komodo dragon (19)]
  8500 | Lair:1   | HP: 13/111 [komodo dragon (8)]
  8536 | Lair:1   | HP: 18/111 [komodo dragon (19)]
  8538 | Lair:1   | Reached skill level 16 in Unarmed Combat
  8979 | Lair:2   | Reached XP level 12. HP: 117/119 MP: 11/11
  9231 | Lair:4   | Noticed an eight-headed hydra
  9373 | Lair:5   | Reached skill level 17 in Unarmed Combat
  9405 | Lair:5   | Noticed Kirke
  9429 | Lair:4   | HP: 27/119 [hog[Kirke] (11)]
  9432 | Lair:4   | Killed from afar by a rime drake

Table legend: (Time is in decaauts)
 A = Elapsed time spent in this place.
 B = Non-inter-level travel time spent in this place.
 C = Inter-level travel time spent in this place.
 D = Time resting spent in this place.
 E = Time spent auto-exploring this place.
 F = Levels seen in this place.
 G = Mean time per level.
                   A        B        C        D        E       F      G
               +--------+--------+--------+--------+--------+-----+--------+
         Total |   9476 |   9183 |    293 |   1162 |   5419 |  17 |  557.4 |
       Dungeon |   7417 |   7141 |    276 |    846 |   4739 |   9 |  824.1 |
        Temple |     98 |     81 |     17 |      0 |     70 |   1 |   98.0 |
          Lair |   1047 |   1047 |      0 |    249 |     73 |   5 |  209.4 |
         Sewer |    496 |    496 |      0 |      0 |    381 |   1 |  496.0 |
       Ossuary |    416 |    416 |      0 |     67 |    154 |   1 |  416.0 |
               +--------+--------+--------+--------+--------+-----+--------+

Top non-repeatable levels by time:
     D:4: 1237 daAuts
     D:6: 1179 daAuts
     D:5: 1020 daAuts
     D:7: 969 daAuts
     D:3: 866 daAuts
     D:2: 760 daAuts
     D:8: 629 daAuts
     D:1: 584 daAuts
   Sewer: 496 daAuts
  Lair:2: 460 daAuts
 Ossuary: 416 daAuts
  Lair:1: 327 daAuts
     D:9: 170 daAuts
  Lair:4: 169 daAuts
  Temple: 98 daAuts

Table legend:
 A = Kills in this place as a percentage of kills in entire the game.
 B = Kills by you in this place as a percentage of kills by you in the entire game.
 C = Kills by friends in this place as a percentage of kills by friends in the entire game.
 D = Other kills in this place as a percentage of other kills in the entire game.
 E = Experience gained in this place as a percentage of experience gained in the entire game.
 F = Experience gained in this place divided by the number of levels of this place that you have seen.
                   A       B       C       D       E      F
               +-------+-------+-------+-------+-------+----------------------
         Total | 100.0 | 100.0 |   N/A |   N/A | 100.0 | 1034.3
       Dungeon |  74.6 |  74.6 |   N/A |   N/A |  52.5 | 1024.9
          Lair |  11.5 |  11.5 |   N/A |   N/A |  43.2 | 1518.2
         Sewer |   5.8 |   5.8 |   N/A |   N/A |   1.2 | 214.0
       Ossuary |   8.1 |   8.1 |   N/A |   N/A |   3.2 | 554.0
               +-------+-------+-------+-------+-------+----------------------

Skill      XL: |  1  2  3  4  5  6  7  8  9 10 11 12 |
---------------+-------------------------------------+-----
Unarmed Combat | 4 6 8 9 11 14 15 16 17 | 17.1
Fighting       | 8 |  8.0
Dodging        | |  2.4
Stealth        | |  1.0

Action                   |  1- 3 |  4- 6 |  7- 9 | 10-12 || total
-------------------------+-------+-------+-------+-------++-------
Melee: Unarmed           |    99 |    61 |   368 |   220 ||   748
       Punch             |       |     1 |    16 |    28 ||    45
Throw: Dart              |    76 |    67 |    48 |       ||   191
       Stone             |     8 |       |    18 |    25 ||    51
       Boomerang         |       |     7 |   168 |       ||   175
       Javelin           |       |       |       |     8 ||     8
  Use: Scroll            |       |       |    23 |     2 ||    25
       Potion            |       |       |       |     1 ||     1
 Stab: Sleeping          |     1 |       |       |     1 ||     2
       Distracted        |       |       |     1 |       ||     1
Armor: Robe              |    22 |    16 |    96 |    65 ||   199
Dodge: Dodged            |    45 |    22 |   149 |   100 ||   316
       Repelled          |       |       |       |     1 ||     1

Vanquished Creatures
  A two-headed ogre (D:8)
  An ugly thing (D:9)
  A black mamba (Lair:1)
  Psyche (D:8)
  A cane toad (Lair:4)
  Maggie (D:8)
  A torpor snail (Lair:3)
  2 komodo dragons
  A rime drake (Lair:5)
  Grinder (D:4)
  5 blink frogs (Lair:2)
  2 dream sheep
  A hippogriff (D:3)
  Sigmund (D:4)
  13 yaks
  A hog (Lair:4)
  2 basilisks
  Menkaure (D:6)
  5 water moccasins
  2 porcupines (D:9)
  A sky beast (D:8)
  3 black bears
  An ice beast (D:7)
  An orc warrior (D:7)
  4 ogres
  2 phantoms
  2 centaurs
  4 crocodiles
  Blork the orc (D:6)
  4 bullfrogs
  4 scorpions
  9 killer bees
  3 wights (D:6)
  A howler monkey (D:6)
  4 bullfrog zombies (Ossuary)
  A centaur zombie (Ossuary)
  A quasit (D:8)
  A jelly (D:7)
  Crazy Yiuf (D:6)
  4 hounds
  2 centaur skeletons
  3 orc priests
  2 bullfrog skeletons (D:5)
  An iron imp (D:7)
  3 orc wizards
  Jessica (D:7)
  5 iguanas
  4 worker ants
  A hound zombie (D:5)
  A hound skeleton (D:4)
  13 mummies (Ossuary)
  3 howler monkey zombies
  A gnoll (D:1)
  10 adders
  3 shadow imps
  3 white imps
  4 ufetubi
  An adder zombie (Ossuary)
  3 adder skeletons
  5 worms
  A dart slug (D:1)
  14 leopard geckos
  28 orcs
  13 giant cockroaches
  10 hobgoblins
  6 jackals
  2 quokkas
  5 ball pythons
  A ball python skeleton (D:4)
  7 bats
  13 frilled lizards
  10 goblins
  A jackal zombie (D:6)
  8 kobolds
  A leopard gecko skeleton (D:6)
  2 leopard gecko zombies (Ossuary)
  2 quokka skeletons
  A quokka zombie (Ossuary)
  5 rats
295 creatures vanquished.

Vanquished Creatures (others)
  9 fungi
  A plant (D:9)
10 creatures vanquished.

Grand Total: 305 creatures vanquished
